Map: [ESL] Dragon Scales

Players

Reynor - Winner!

  • Race: Zerg Zerg
  • Spawn Location: 11:00

Astrea

  • Race: Protoss Protoss
  • Spawn Location: 5:00

Event: ESL SC2 Masters 2023 Summer (Finals)

VOD

Have the link to the VOD?

Description

Time

  • Played on: June 16, 2023, 7:34 a.m.
  • Length: 12:32

All games in this series

Show
View Real Time Build Order
Export as new Build Order

Reynor Zerg - Winner!

Build Orders: Hatch First, Lurkers 

Get SALT Encoding   

  12  0:00  Drone  
  13  0:07  Drone  
  13  0:13  Extractor  
  13  0:14  Drone  
  15  0:36  Hatchery  
  15  0:42  Extractor, Drone  
  14  0:49  Overlord  
  15  1:02  Spawning Pool  
  14  1:07  Drone  
  14  1:11  Drone  
  16  1:15  Drone  
  17  1:18  Drone  
  18  1:29  Extractor, Drone  
  18  1:39  Drone  
  19  1:49  Queen x2  
  19  1:50  Drone  
  19  1:53  Drone  
  25  1:59  Zergling x2  
  26  2:02  Overlord  
  26  2:09  Drone  
  26  2:12  Drone  
  28  2:21  Drone  
  30  2:22  Drone  
  30  2:25  Queen  
  32  2:30  Queen  
  32  2:33  Drone  
  35  2:47  Hatchery  
  34  2:51  Overlord  
  34  2:54  Drone  
  35  3:01  Drone  
  35  3:04  Metabolic Boost  
  36  3:07  Overlord  
  36  3:11  Drone x3  
  38  3:14  Drone  
  39  3:20  Drone x2  
  39  3:23  Queen  
  39  3:26  Drone  
  44  3:33  Overlord  
  44  3:34  Drone x2  
  44  3:35  Drone  
  44  3:36  Drone  
  44  3:39  Drone  
  44  3:40  Drone  
  50  3:44  Overlord  
  50  3:47  Drone  
  51  3:53  Evolution Chamber, Zergling x4  
  51  3:54  Zergling x2  
  53  3:57  Spore Crawler  
  53  3:58  Drone  
  54  4:02  Drone  
  54  4:04  Drone  
  54  4:09  Queen  
  57  4:12  Spore Crawler  
  57  4:15  Drone x4  
  57  4:17  Drone  
  61  4:20  Zerg Melee Weapons Level 1  
  61  4:21  Drone  
  61  4:24  Spore Crawler  
  61  4:26  Overlord  
  61  4:28  Drone  
  62  4:34  Drone x2, Spore Crawler  
  62  4:35  Drone  
  62  4:37  Drone  
  61  4:40  Drone  
  61  4:42  Drone  
  61  4:45  Drone x3  
  65  4:48  Drone  
  65  4:49  Drone  
  65  4:51  Drone x2  
  69  4:54  Drone x2  
  71  5:05  Drone  
  71  5:06  Drone  
  73  5:08  Overlord  
  73  5:09  Hatchery  
  73  5:14  Drone x2, Lair  
  72  5:19  Drone x2  
  72  5:20  Extractor  
  72  5:21  Extractor  
  74  5:24  Overlord  
  74  5:27  Drone x4  
  78  5:29  Overlord  
  78  5:32  Drone x3  
  78  5:33  Overlord  
  81  5:37  Zergling x2  
  81  5:38  Extractor  
  81  5:39  Zergling x2  
  81  5:41  Zergling x4  
  81  5:42  Zergling x4  
  86  5:45  Overlord  
  86  5:48  Zergling x10  
  91  5:52  Zergling x4  
  91  5:56  Overlord  
  93  6:00  Drone x2  
  93  6:04  Extractor  
  94  6:05  Drone  
  94  6:08  Drone  
  94  6:10  Drone x3  
  99  6:12  Infestation Pit  
  99  6:13  Drone  
  99  6:14  Drone x3, Zerg Melee Weapons Level 2  
  99  6:15  Drone  
  103  6:20  Hydralisk Den  
  103  6:21  Overlord  
  102  6:29  Drone x4  
  102  6:30  Queen  
  107  6:33  Zergling x8  
  107  6:38  Queen, Zergling x2  
  108  6:43  Zergling x12  
  112  6:48  Overlord  
  112  6:51  Queen  
  114  6:54  Zergling x6  
  114  6:59  Zergling x4  
  116  7:03  Overlord  
  116  7:05  Zergling x6  
  116  7:06  Zergling x6  
  114  7:08  Zergling x2  
  114  7:14  Muscular Augments  
  113  7:18  Drone x2, Hive  
  113  7:19  Drone  
  113  7:20  Drone  
  117  7:23  Hydralisk x3  
  117  7:26  Hydralisk x2  
  127  7:30  Hydralisk x3  
  127  7:31  Extractor, Hydralisk  
  127  7:35  Overlord  
  134  7:37  Drone  
  134  7:39  Drone  
  134  7:40  Extractor  
  134  7:41  Evolution Chamber  
  134  7:43  Drone x2  
  135  7:47  Hydralisk x3  
  135  7:50  Drone  
  135  7:51  Drone, Lurker Den  
  142  7:52  Drone x2  
  142  7:54  Drone x2  
  142  7:56  Drone  
  142  7:57  Drone  
  148  8:00  Drone, Baneling Nest  
  148  8:01  Drone x3  
  151  8:09  Zerg Missile Weapons Level 1  
  151  8:15  Hatchery  
  151  8:16  Overlord  
  150  8:20  Zergling x22  
  150  8:23  Overlord  
  161  8:28  Grooved Spines  
  160  8:34  Adrenal Glands  
  160  8:38  Extractor  
  159  8:43  Spine Crawler  
  159  8:44  Drone x3, Spine Crawler  
  159  8:46  Centrifugal Hooks, Spine Crawler  
  159  8:48  Lurker, Seismic Spines  
  159  8:49  Lurker x3  
  159  8:50  Spine Crawler  
  159  8:55  Zergling x20  
  168  8:58  Overlord  
  168  8:59  Lurker x2  
  174  9:03  Overlord  
  174  9:05  Overlord  
  174  9:12  Spine Crawler  
  173  9:19  Zergling x20  
  173  9:21  Lurker x5  
  188  9:25  Overlord  
  188  9:30  Baneling x8  
  188  9:33  Zergling x20  
  198  9:39  Overlord x2  
  198  9:50  Overlord  
  198  9:54  Zergling x2  
  197  10:01  Zergling x6  
  192  10:10  Zergling x30  
  192  10:11  Zergling x6  
  192  10:12  Hydralisk  
  180  10:15  Hydralisk  
  180  10:16  Queen  
  180  10:19  Hydralisk x2  
  166  10:22  Hydralisk x2, Zergling x4  
  166  10:25  Zergling x2  
  166  10:28  Hydralisk  
  169  10:29  Zergling x2  
  169  10:30  Zergling x4  
  169  10:31  Hydralisk, Zergling x2  
  169  10:35  Hydralisk  
  174  10:41  Hydralisk  
  174  10:42  Zergling x2  
  178  10:45  Zergling x2  
  178  10:46  Zergling x2  
  177  10:50  Spore Crawler  
  177  10:52  Spore Crawler, Lurker x6  
  177  10:53  Lurker  
  177  10:55  Zergling x16  
  190  11:00  Zergling x8  
  190  11:01  Hydralisk  
  186  11:07  Lurker x4  
  186  11:09  Zergling x4  
  176  11:12  Hatchery  
  176  11:13  Hydralisk x2  
  179  11:21  Hydralisk x2  
  179  11:22  Zergling x4  
  179  11:23  Adaptive Talons  
  182  11:28  Hydralisk  
  182  11:29  Zergling x6  
  182  11:31  Zergling x4  
  182  11:32  Zergling x2  
  190  11:38  Hydralisk  
  190  11:39  Zergling x6  
  190  11:40  Zergling x2  
  190  11:44  Zergling x8  
  194  11:48  Zergling x2  
  191  11:54  Zergling x6  
  191  11:55  Hatchery  
  191  11:57  Zergling x4  
  191  12:00  Zergling x4  
  190  12:07  Zergling x8  
  194  12:10  Hatchery  
Show
View Real Time Build Order
Export as new Build Order

Astrea Protoss 

Build Orders: 1 Gate Expand, Oracle Opening, Zealot Archon, Archon Drop 

Get SALT Encoding   

  12  0:00  Probe  
  13  0:12  Probe  
  14  0:18  Pylon  
  14  0:24  Probe (Chrono Boost)  
  15  0:36  Probe (Chrono Boost)  
  15  0:40  Gateway  
  16  0:45  Probe (Chrono Boost)  
  17  0:51  Probe, Assimilator  
  18  1:03  Probe  
  19  1:15  Probe  
  20  1:25  Nexus  
  20  1:29  Probe  
  21  1:41  Probe  
  21  1:42  Cybernetics Core  
  22  1:49  Assimilator  
  22  1:54  Pylon  
  22  1:57  Probe  
  23  2:12  Probe (Chrono Boost)  
  23  2:15  Adept (Chrono Boost)  
  24  2:21  Probe (Chrono Boost)  
  27  2:24  Stargate  
  27  2:26  Probe (Chrono Boost)  
  28  2:32  Warp Gate  
  28  2:38  Probe (Chrono Boost), Adept  
  28  2:43  Probe (Chrono Boost)  
  32  2:48  Probe (Chrono Boost)  
  34  2:52  Probe (Chrono Boost)  
  34  2:54  Probe  
  35  3:02  Probe  
  35  3:04  Oracle (Chrono Boost)  
  36  3:06  Probe  
  40  3:13  Pylon  
  40  3:14  Probe  
  40  3:18  Probe  
  42  3:27  Probe  
  43  3:28  Gateway  
  43  3:30  Probe  
  44  3:34  Oracle (Chrono Boost)  
  44  3:39  Probe  
  46  3:42  Probe  
  49  3:51  Probe  
  49  3:54  Probe  
  51  3:56  Nexus  
  51  4:00  Pylon  
  51  4:03  Probe  
  51  4:07  Probe (Chrono Boost)  
  51  4:09  Assimilator  
  53  4:15  Forge  
  52  4:17  Twilight Council  
  52  4:19  Probe x2 (Chrono Boost)  
  52  4:20  Stalker  
  55  4:25  Pylon  
  55  4:28  Probe (Chrono Boost)  
  55  4:29  Robotics Facility  
  55  4:30  Probe (Chrono Boost)  
  57  4:33  Probe  
  58  4:39  Probe  
  58  4:41  Assimilator  
  58  4:45  Probe  
  60  4:48  Gateway  
  60  4:51  Probe (Chrono Boost), Gateway, Protoss Ground Weapons Level 1 (Chrono Boost)  
  60  4:52  Adept  
  63  4:55  Charge  
  64  5:03  Probe (Chrono Boost)  
  64  5:04  Probe (Chrono Boost)  
  65  5:07  Shield Battery  
  65  5:10  Probe x2 (Chrono Boost)  
  65  5:11  Probe (Chrono Boost)  
  68  5:15  Warp Prism (Chrono Boost), Templar Archives  
  68  5:20  Probe  
  71  5:23  Probe  
  71  5:27  Probe  
  73  5:32  Probe  
  73  5:35  Probe  
  75  5:39  Probe  
  75  5:40  Assimilator  
  75  5:42  Pylon, Assimilator  
  76  5:45  Probe  
  76  5:47  Probe  
  78  5:50  Gateway  
  78  5:53  Gateway  
  78  5:54  Probe  
  78  5:55  Gateway  
  79  6:00  High Templar x2  
  79  6:01  Probe  
  79  6:03  Gateway  
  84  6:05  Archon  
  84  6:06  High Templar  
  84  6:08  High Templar  
  88  6:12  Archon  
  88  6:16  Observer (Chrono Boost)  
  89  6:18  Pylon  
  89  6:19  Pylon  
  89  6:21  Gateway  
  89  6:22  Pylon  
  89  6:26  Pylon, Gateway  
  87  6:35  Zealot x2  
  86  6:41  Zealot x2  
  86  6:44  Probe x3  
  86  6:45  Immortal  
  97  6:47  Protoss Ground Weapons Level 2 (Chrono Boost)  
  97  6:48  Zealot x2  
  97  6:50  Zealot  
  103  6:57  Pylon  
  102  7:02  Probe x2  
  102  7:05  Probe  
  99  7:11  Psionic Storm  
  99  7:14  High Templar x4, Zealot x4  
  109  7:24  Nexus  
  109  7:26  Nexus, Warp Prism (Chrono Boost)  
  109  7:28  Pylon  
  111  7:30  Zealot  
  113  7:42  High Templar x2, Zealot x2  
  113  7:43  Pylon  
  121  7:46  Probe  
  121  7:47  Probe  
  121  7:48  Pylon  
  123  7:51  Shield Battery  
  123  7:52  Immortal (Chrono Boost)  
  123  7:57  Probe  
  128  7:58  Photon Cannon  
  128  8:07  Probe x2  
  128  8:11  Stalker  
  132  8:16  High Templar x2, Zealot x6  
  132  8:18  Probe  
  132  8:19  Probe x2, Photon Cannon  
  148  8:20  Archon  
  148  8:30  Probe, Photon Cannon  
  148  8:31  Probe x2  
  151  8:35  Photon Cannon, Assimilator  
  151  8:37  Assimilator  
  151  8:40  Blink  
  151  8:41  High Templar x2  
  151  8:44  Zealot x2  
  151  8:47  Archon  
  159  8:54  Immortal (Chrono Boost)  
  163  8:56  Protoss Ground Weapons Level 3  
  163  9:22  Pylon  
  163  9:24  Pylon  
  163  9:25  Pylon  
  163  9:27  Pylon, Fleet Beacon  
  163  9:34  Stargate  
  163  9:36  Nexus  
  163  9:37  Pylon  
  163  9:42  Stargate  
  163  9:45  Zealot x7  
  181  9:49  Pylon  
  181  9:52  Zealot x2  
  159  10:08  Fleet Beacon  
  132  10:16  Probe  
  132  10:20  Probe  
  117  10:32  Probe  
  89  10:36  Probe  
  89  10:38  Zealot x6  
  89  10:39  Probe, Zealot  
  91  10:44  Probe (Chrono Boost)  
  91  10:46  Pylon  
  91  10:48  Probe (Chrono Boost)  
  93  10:52  Probe (Chrono Boost)  
  96  10:57  Probe x2 (Chrono Boost)  
  96  10:58  Zealot  
  96  10:59  Zealot x4  
  96  11:02  Probe (Chrono Boost)  
  103  11:04  Probe x2 (Chrono Boost)  
  103  11:09  Probe  
  103  11:10  Probe  
  101  11:14  Probe  
  101  11:17  Probe  
  103  11:21  Probe  
  103  11:22  Probe  
  103  11:23  Zealot x2  
  107  11:30  Probe x2  
  109  11:35  Zealot x2  
  94  11:43  Probe  
  94  11:46  Zealot x2  
  95  11:51  Probe  
  74  12:01  Probe  
  74  12:02  Probe  
  74  12:05  Probe  
  77  12:08  Assimilator  
  77  12:14  Probe, High Templar x2  
  82  12:16  Probe  
  82  12:17  Probe  
  82  12:18  Pylon  
  82  12:19  Archon  
Tags
 
Add a new tag
Caveats
  • Supply blocks, unpowered buildings, or Contaminate may cause inaccurate times.
  • Supply counts are checked every 10 seconds.